 Dungeon Crawl Stone Soup version 0.19.0-19-g8c6edcc (webtiles) character file.

617 Leibowitz the Stinger (level 7, -20/57 HPs)
             Began as a Naga Venom Mage on Nov 13, 2016.
             Was a Follower of Vehumet.
             Demolished by Menkaure (25 damage)
             ... on level 4 of the Dungeon.
             The game lasted 00:16:17 (4115 turns).

Leibowitz the Stinger (Naga Venom Mage)             Turns: 4115, Time: 00:16:18

Health: -20/57     AC:  4    Str: 11    XL:     7   Next: 45%
Magic:  12/12      EV: 12    Int: 17    God:    Vehumet [*.....]
Gold:   154        SH:  5    Dex: 11    Spells: 3 memorised, 5 levels left

rFire  . . .     SeeInvis +     p - -2 dagger (curse)
rCold  . . .     Gourm    .     i - +0 robe
rNeg   . . .     Faith    .     s - +1 buckler
rPois  +         Spirit   .     g - +0 helmet
rElec  .         Reflect  .     (no cloak)
rCorr  .         Harm     .     (no gloves)
MR     .....     Rnd*Tele +     (no barding)
Stlth  ++........               (no amulet)
                                j - +2 ring of evasion
                                e - ring of teleportation (curse)

@: invisible, very slow
A: see invisible, deformed body, poison resistance, slowness 2, slow metabolism
1, spit poison 1, AC +2
a: Spit Poison, Renounce Religion


You were on level 4 of the Dungeon.
You worshipped Vehumet.
Vehumet was aware of your devotion.
You were not hungry.

You visited 1 branch of the dungeon, and saw 4 of its levels.

You collected 154 gold pieces.

Inventory:

Hand Weapons
 a - a +0 dagger
 p - a cursed -2 dagger (weapon)
Armour
 g - a +0 helmet (worn)
 i - a +0 robe (worn)
 s - a +1 buckler (worn)
Jewellery
 e - a cursed ring of teleportation (left hand)
 h - an uncursed ring of fire
 j - a +2 ring of evasion (right hand)
 z - an uncursed ring of positive energy
 B - a +4 amulet of reflection {unknown}
Wands
 E - a wand of polymorph (1/24)
Scrolls
 u - a scroll of enchant armour
 x - a scroll of identify
 y - 2 scrolls of teleportation
 A - a scroll of fog
Potions
 f - a potion of cure mutation
 m - a potion of might
 q - a potion of agility
 v - a potion of flight {unknown}
 w - a potion of lignification
 C - a potion of brilliance {unknown}
Books
 b - a Young Poisoner's Handbook

   Spells                             Type                      Level
   a - Sting                          Conjuration/Poison           1
   b - Mephitic Cloud                 Conjuration/Poison/Air       3
   c - Olgreb's Toxic Radiance        Poison                       4
   d - Alistair's Intoxication        Transmutation/Poison         5
   e - Venom Bolt                     Conjuration/Poison           5
 r - Vehumet's Catalogue of Confrontation
   (You found it on level 2 of the Dungeon)

   Spells                             Type                      Level
   a - Magic Dart                     Conjuration                  1
Comestibles
 c - 2 bread rations
 d - a beef jerky
 l - 4 fruits
 o - 3 meat rations
 D - 2 chunks of flesh


   Skills:
 + Level 1.1 Fighting
 + Level 3.1 Short Blades
 + Level 2.1 Dodging
 + Level 4.2 Stealth
 + Level 1.9 Shields
 + Level 3.6 Spellcasting
 + Level 2.4 Conjurations
 + Level 1.1 Air Magic
 + Level 6.8 Poison Magic


You had 5 spell levels left.
You knew the following spells:

 Your Spells              Type           Power        Failure   Level  Hunger
a - Sting                 Conj/Pois      ###.         2%          1    None
b - Mephitic Cloud        Conj/Pois/Air  ##......     17%         3    ###....
c - Olgreb's Toxic Radia  Pois           ####....     12%         4    ####...


Dungeon Overview and Level Annotations

Branches:
Dungeon (4/15)
 Temple: D:4-7

Altars:
Ashenzari
Kikubaaqudgha
Sif Muna
Vehumet
The Shining One

Annotations:
D:4 Menkaure


Innate Abilities, Weirdness & Mutations

You cannot wear boots.
Your serpentine skin is tough. (AC +2)
You have supernaturally acute eyesight. (SInv)
Armour fits poorly on your strangely shaped body.
Your system is resistant to poisons. (rPois)
You cover ground very slowly.
You have a slow metabolism.
You can spit poison.


Message History

Menkaure mumbles some strange words.
It was a potion of lignification.
You turn into a tree.
Your +0 helmet melds into your body.
Your +0 robe melds into your body.
Your roots penetrate the ground.
You block Menkaure's attack.
It was a potion of cancellation.
Your magical effects are unravelling.
You feel magically purged.
You feel less woody.
Your +0 helmet unmelds from your body.
Your +0 robe unmelds from your body.
You feel a little less mighty now.
You feel a little less agile now. Menkaure hits you.
* * * LOW HITPOINT WARNING * * *
It was a potion of magic.
Magic courses through your body.
Menkaure casts a spell.
It was a potion of invisibility.
You fade into invisibility!
You block Menkaure's attack.
Menkaure rustles, "Let me perform the rites..."
Menkaure hits you!!
You die...

....### .M...## ##.# #####
.....# #..# # ....##?.##
.......# .....# #... #..
#....# ##..####..# #....#
##...##...# ##M...##
####........# ##@.....#
##..........###..####....#
............##..## ...#
................# .#
................##
.....#####.......# .....#
##..###.... ..†..## #.##
#### ####..# #.#


You could see Menkaure.

Vanquished Creatures
  Sigmund (D:4)
  An ogre (D:4)
  2 scorpions (D:4)
  A hound (D:4)
  A centaur skeleton (D:4)
  Jessica (D:3)
  An iguana (D:2)
  Natasha (D:4)
  3 worker ants
  3 adders
  An ooze (D:1)
  A dart slug (D:1)
  A leopard gecko (D:4)
  2 orcs (D:4)
  4 giant cockroaches
  2 goblins (D:1)
  4 hobgoblins
  7 jackals
  A ball python (D:2)
  8 bats
  A frilled lizard (D:1)
  8 kobolds
  4 rats
59 creatures vanquished.

Notes
Turn   | Place    | Note
-------+----------+-------------------------------------------
     0 | D:1      | Leibowitz the Naga Venom Mage began the quest for the Orb.
     0 | D:1      | Reached XP level 1. HP: 15/15 MP: 3/3
    88 | D:1      | Found a shattered altar of Ashenzari.
   317 | D:1      | Reached XP level 2. HP: 22/22 MP: 5/5
   891 | D:1      | Reached skill level 6 in Poison Magic
   891 | D:1      | Reached XP level 3. HP: 22/28 MP: 0/6
  1035 | D:1      | Learned a level 3 spell: Mephitic Cloud
  1326 | D:2      | Found an ancient bone altar of Kikubaaqudgha.
  1394 | D:2      | Found a deep blue altar of Sif Muna.
  1399 | D:2      | Reached skill level 1 in Conjurations
  1446 | D:2      | Found a radiant altar of Vehumet.
  1449 | D:2      | Identified Vehumet's Catalogue of Confrontation
  1470 | D:2      | Became a worshipper of Vehumet
  1582 | D:2      | Reached skill level 1 in Short Blades
  2197 | D:2      | Reached XP level 4. HP: 36/36 MP: 7/7
  2509 | D:3      | Noticed Jessica
  2510 | D:3      | Killed Jessica
  2719 | D:3      | Reached XP level 5. HP: 43/43 MP: 4/9
  2887 | D:3      | Reached skill level 1 in Fighting
  3284 | D:4      | Reached skill level 1 in Shields
  3576 | D:4      | Reached XP level 6. HP: 40/51 MP: 8/10
  3610 | D:4      | Noticed Natasha
  3611 | D:4      | Noticed Sigmund
  3629 | D:4      | Killed Natasha
  3712 | D:4      | Reached * piety under Vehumet
  3712 | D:4      | Offered knowledge of Freeze by Vehumet.
  3718 | D:4      | Learned a level 4 spell: Olgreb's Toxic Radiance
  3769 | D:4      | Found a glowing golden altar of the Shining One.
  3968 | D:4      | Noticed Menkaure
  3984 | D:4      | Reached skill level 1 in Air Magic
  3984 | D:4      | Reached XP level 7. HP: 51/57 MP: 6/12
  4000 | D:4      | Killed Sigmund
  4115 | D:4      | Demolished by Menkaure

Skill      XL: |  1  2  3  4  5  6 |
---------------+-------------------+-----
Poison Magic   | 6 |  6.8
Conjurations   | 1 2 |  2.4
Short Blades   | 1 2 3 |  3.1
Fighting       | 1 |  1.1
Shields        | 1 |  1.9
Dodging        | 2 |  2.1
Spellcasting   | 3 |  3.6
Stealth        | 4 |  4.2
Air Magic      | 1 |  1.1

Action                   |  1- 3 |  4- 6 |  7- 9 || total
-------------------------+-------+-------+-------++-------
Melee: Dagger            |   117 |   111 |    11 ||   239
 Cast: Sting             |    40 |    45 |     2 ||    87
       Mephitic Cloud    |     3 |     3 |     1 ||     7
       Olgreb's Toxic Ra |       |     3 |     1 ||     4
  Use: Scroll            |     7 |     1 |       ||     8
       Potion            |       |       |     6 ||     6
 Stab: Sleeping          |     3 |     4 |       ||     7
       Confused          |     2 |     3 |       ||     5
  Eat: Chunk             |     3 |     7 |     1 ||    11
Armor: Robe              |    44 |    23 |       ||    67
Dodge: Dodged            |    89 |    56 |     5 ||   150
Block: Buckler           |    11 |    25 |     4 ||    40
